[Event "44th Chess Olympiad Open 2022"]
[Site "Chennai"]
[Date "2022.08.08"]
[Round "10.13"]
[White "Repka, Christopher"]
[Black "Puranik, Abhimanyu"]
[Result "0-1"]
[ECO "A30"]
[WhiteElo "2516"]
[BlackElo "2612"]
[Annotator "TA"]
[PlyCount "90"]
[EventDate "2022.07.29"]
[EventType "team-tourn"]
[EventCountry "IND"]
[SourceTitle "playchess.com"]
[Source "ChessBase"]
[SourceQuality "1"]
[WhiteTeam "Slovakia"]
[BlackTeam "India"]
[WhiteTeamCountry "SVK"]
[BlackTeamCountry "IND"]
[TimeControl "40/5400+30:1800+30"]

1. Nf3 Nf6 2. c4 c5 3. Nc3 e6 4. g3 b6 5. Bg2 Bb7 6. O-O Be7 7. Re1 Ne4 8. Qc2 {[%emt 0:01:28] A30: Symmetrical English: Double Fianchetto and Hedgehog.} Nxc3 9. dxc3 f5 $5 {[%emt 0:03:37][%mdl 4] Leaves trodden paths.} 10. Bf4 {[%emt 0:00:15][%cal Oe2e4] [#] White has an edge.} Be4 $146 (10... g5 $1 $11 11. Bxb8 (11. Be5 O-O $11) 11... Qxb8) ({Predecessor:} 10... g5 11. Be5 O-O 12. Rad1 Be4 13. Qd2 Nc6 14. Bd6 Bxd6 15. Qxd6 Qf6 16. b4 cxb4 17. cxb4 {1-0 (34) Romanov,E (2613)-Rasulov,V (2508) Nakhchivan 2015}) 11. Qd2 $14 Nc6 12. Rad1 Qc8 13. Bd6 Bf6 14. Bh3 h6 {[%emt 0:05:53] Prevents Ng5.} 15. Qe3 (15. g4 $16) 15... Ne7 (15... Na5 $11) 16. Ne5 Bg5 (16... Bxe5 $142 17. Bxe5 O-O) 17. f4 $16 Bf6 {[%emt 0:00:02] [#]} 18. Bg4 $1 Bxe5 19. Bh5+ g6 {[%emt 0:00:07] And now ...Bxd6 would win.} 20. Bxe5 Rg8 21. Bf3 Qb7 22. Rd6 Rd8 23. Red1 Nc8 24. R6d2 Ke7 $2 (24... Bxf3 $16 {might work better.} 25. exf3 (25. Qxf3 Qxf3 26. exf3 d6 $16) 25... Ke7) 25. Bd6+ $2 (25. Bxe4 $1 $18 Qxe4 26. Qxe4 fxe4 27. Bc7) 25... Nxd6 26. Rxd6 Bxf3 27. exf3 Rge8 28. g4 Rf8 ({Black should play} 28... Kf7 $14) 29. b4 Rc8 30. Qf2 (30. Rxd7+ Qxd7 31. Rxd7+ Kxd7 $14) (30. g5 $16) 30... Rc7 $1 $14 31. Qh4+ Ke8 (31... g5 $1 $14 32. Qxh6 (32. fxg5 Qxf3 33. gxh6+ Rf6 $11) 32... Qxf3) 32. R1d3 $1 $18 ({Don't take} 32. Qxh6 $6 Qxf3 33. Qxg6+ Kd8 $14) 32... fxg4 33. Qxh6 gxf3 {[%emt 0:01:23] ...Qe4 is the strong threat.} 34. Qxg6+ Kd8 $2 (34... Ke7) 35. Qg7 $2 (35. Rxe6 $1 $18 Qa6 36. Qg7) 35... Re8 $16 {[%emt 0:00:08] [#]} 36. b5 $1 {[%emt 0:00:26] aiming for Qf7.} Kc8 37. Qg6 {[%emt 0:00:56] Prevents Qe4.} ({White should try} 37. Qh7 $16) 37... Rh8 $11 38. Qg3 $40 {[%emt 0:00:48][%mdl 128] Black needs to defend precisely.} Qe4 39. Qxf3 Qe1+ 40. Kg2 Rg8+ 41. Kh3 Rh8+ (41... Kb8 $5 42. Rd1 (42. Rxd7 $2 Qg1 $19) 42... Rh8+ 43. Kg2 Rg8+ 44. Kh3 Rh8+ 45. Kg2 Rg8+ 46. Kh3 $11) 42. Kg2 Rg8+ 43. Kh3 Kb8 {[%emt 0:00:00] Prevents Qa8+. Really sharp!} 44. Rxd7 $2 {[%emt 0:00:00][%mdl 8192] [#]} (44. Rd1 $11 Rh8+ 45. Kg2 Rg8+ 46. Kh3 Rh8+ 47. Kg2 Rg8+ 48. Kh3) 44... Qg1 $1 $19 {[%emt 0:00:00] ( -> ...Rh8+)} 45. Rd8+ Rc8 {[%emt 0:00:00] Quite a comeback for Black.  Weighted Error Value: White=0.54/Black=0.22 (precise)} 0-1

[Event "44th Chess Olympiad Open 2022"]
[Site "Chennai"]
[Date "2022.08.08"]
[Round "10.14"]
[White "Saric, Ivan"]
[Black "Jumabayev, Rinat"]
[Result "1/2-1/2"]
[ECO "C11"]
[WhiteElo "2680"]
[BlackElo "2617"]
[Annotator "TA"]
[PlyCount "157"]
[EventDate "2022.07.29"]
[EventType "team-tourn"]
[EventCountry "IND"]
[SourceTitle "playchess.com"]
[Source "ChessBase"]
[SourceQuality "1"]
[WhiteTeam "Croatia"]
[BlackTeam "Kazakhstan"]
[WhiteTeamCountry "CRO"]
[BlackTeamCountry "KAZ"]
[TimeControl "40/5400+30:1800+30"]

1. e4 e6 2. d4 d5 3. Nc3 Nf6 4. e5 Nfd7 5. f4 c5 6. Nf3 Nc6 7. Be3 a6 8. a3 b5 {[%emt 0:00:06] C11: French: Classical System: 4 e5 and 4 Bg5 dxe4.} 9. Ne2 Be7 10. c3 Rb8 {[%emt 0:05:26] [#] White has an edge.} 11. Ng3 $146 ({Predecessor:} 11. b4 cxb4 12. axb4 Nb6 13. Ng3 Nc4 14. Kf2 Kd7 15. f5 Kc7 16. Bxc4 bxc4 17. fxe6 fxe6 {1-0 (39) Kukel,I (2285)-Srvatka,I (2196) Slovakia 2008}) 11... cxd4 12. cxd4 b4 13. Bd3 bxa3 14. bxa3 Qa5+ 15. Bd2 Qb6 16. Rb1 Qa7 17. Rxb8 Ndxb8 18. Qa1 a5 19. f5 {[%emt 0:05:51] White wants to play Nh5.} Ba6 (19... O-O $11) 20. Bc2 (20. Bxa6 $1 $16 Qxa6 21. Nh5) 20... O-O $1 $15 21. Be3 (21. Qc3 $15 Rc8 22. Qb2) 21... Nd7 $17 22. Kf2 {[%emt 0:04:11] [#]} Rc8 ({Black should try} 22... Ndxe5 $1 $17 {[%mdl 512] And now ...Ng4+ would win.} 23. dxe5 (23. Nxe5 $2 Nxe5 24. dxe5 Bc5 $19) 23... Bc5) 23. fxe6 $11 fxe6 24. Rc1 $1 h6 25. Ba4 Qb7 26. Nh5 Nd8 27. Rxc8 Qxc8 28. Qb1 {[%emt 0:01:14] Threatening mate with Qg6.} Nf8 {[%emt 0:00:19] Against Qg6} (28... Qc4 $2 29. Qg6 $1 Bh4+ 30. Nxh4 $18) 29. Qb6 Qc4 {[%emt 0:02:14] ...Qf1+ is the strong threat.} 30. Bd1 $2 {[%emt 0:02:01] [#] Active counter play!} (30. Be8 $1 $11) 30... a4 $2 ({Don't play} 30... Nd7 $6 31. Qxa5 Nc6 32. Qd2 $11 (32. Qa4 Nb6 $11)) (30... Qf1+ $1 $19 31. Kg3 Bd3) 31. Nd2 $1 Qb5 $132 {[%emt 0:00:22][%mdl 2048] Black is fighting back} 32. Qc7 Nc6 33. g3 Kf7 34. Nf4 g6 (34... Kg8 $11) 35. h4 (35. Ne2 {seems wilder.} g5 36. Nc3 Qb7 37. Qxb7 Bxb7 38. Bxa4 Bxa3 39. Nb5) 35... Kg8 36. Be2 Qb7 37. Qxb7 Bxb7 38. Nb1 Na5 39. Bb5 Bc6 40. Bxc6 Nxc6 41. Ne2 Nd7 42. Bxh6 Nb6 $1 43. Be3 Kf7 (43... Nc4 $14) 44. Nec3 $16 Na5 45. Ke2 Nac4 46. Bc1 Kg7 47. Kd3 Kf7 48. Nd1 (48. Nb5 $18) 48... Na5 49. Nb2 Kg7 50. Bd2 Nc6 51. Nc3 Bxa3 52. Ncxa4 Na8 53. Nd1 Nc7 54. Ne3 Nb5 (54... Nb4+ $16 55. Bxb4 Bxb4) 55. Nc2 $18 Be7 56. Nc3 Nc7 57. Ne2 Nb5 58. Ng1 Nd8 59. Nf3 Nf7 60. g4 Nh6 61. Ne3 Na7 62. g5 Nf7 63. Ng2 Nc6 $2 (63... Nd8 64. Nf4 Kf7) 64. Nf4 Nfd8 65. Nh2 (65. Kc2 $142) 65... Ba3 (65... Nb4+ $142 66. Ke2 Nbc6) 66. Ng4 Bb2 67. Bc3 Bxc3 68. Kxc3 {[%emt 0:00:04][%mdl 4096] Endgame KNN-KNN} Kf7 69. Nf6 $2 (69. Ne2 $18) 69... Ne7 $1 $14 70. h5 ({White should play} 70. Ng2 $14) 70... gxh5 $11 {[%emt 0:00:13] The position is equal.} 71. N6xh5 {[%emt 0:00:05] Black must now prevent Kb4.} Ndc6 72. Ng3 Ng6 73. Nge2 Nh4 74. Nc1 Nf3 75. g6+ Kg7 76. Nb3 Nfxe5 77. dxe5 Nxe5 78. Nd4 Nxg6 79. Nxg6 {[%emt 0:00:17] White really could win this.  Weighted Error Value: White=0.15 (very precise) /Black=0.20 (precise)} 1/2-1/2

[Event "44th Chess Olympiad Open 2022"]
[Site "Chennai"]
[Date "2022.08.08"]
[Round "10.14"]
[White "Kozul, Zdenko"]
[Black "Urazayev, Arystanbek"]
[Result "0-1"]
[ECO "E06"]
[WhiteElo "2602"]
[BlackElo "2430"]
[Annotator "TA"]
[PlyCount "90"]
[EventDate "2022.07.29"]
[EventType "team-tourn"]
[EventCountry "IND"]
[SourceTitle "playchess.com"]
[Source "ChessBase"]
[SourceQuality "1"]
[WhiteTeam "Croatia"]
[BlackTeam "Kazakhstan"]
[WhiteTeamCountry "CRO"]
[BlackTeamCountry "KAZ"]
[TimeControl "40/5400+30:1800+30"]

1. d4 Nf6 2. Nf3 e6 3. c4 d5 4. g3 Be7 5. Bg2 O-O 6. O-O c6 7. Nc3 a5 {[%emt 0:02:12] E06: Closed Catalan: Early deviations.} 8. Nd2 b5 9. cxb5 cxb5 {[%emt 0:00:06] The position is equal.} 10. Nxb5 Qb6 11. a4 Nc6 12. Nb1 Ba6 13. N1c3 {[%emt 0:03:10] [#]} Rac8 $146 ({Predecessor:} 13... Bb4) 14. Bg5 Na7 15. Qd2 Bxb5 16. axb5 Rc4 17. e3 {[%emt 0:01:44] And now Rfb1 would win.} Nxb5 18. Bxf6 Bxf6 19. Nxb5 (19. Na4 $5 Qc7 20. Rfc1 $14 (20. Nc5 Be7 $14)) 19... Qxb5 20. Rxa5 Qb6 21. Rfa1 h5 22. Bf3 h4 23. Bd1 Rb8 24. b3 Rcc8 25. Ra7 Rc7 26. Rxc7 Qxc7 27. b4 Qd6 28. Rb1 e5 29. dxe5 Bxe5 30. f4 Bf6 31. Bf3 Be7 32. b5 hxg3 33. Bxd5 gxh2+ 34. Kh1 Qg6 35. Rd1 Rxb5 36. Qxh2 (36. Qd3 $11 Qh5 37. Qxb5 Qxd1+ 38. Kxh2 Qd2+ 39. Bg2) 36... Rb6 $1 $17 ({Much weaker is} 36... Rb1 $6 37. Bxf7+ $1 Kf8 38. Bxg6 $11) 37. Bf3 Qf5 (37... Qe6 $142 38. Qf2 Qh3+ 39. Kg1 Bc5) 38. Qe2 (38. Kg1 $17) 38... Qh3+ $19 39. Kg1 Rg6+ 40. Bg2 {[%emt 0:00:07] [#]} Bc5 $1 41. Kf1 Bxe3 {[%emt 0:06:46] ( -> ...Qh1+)} 42. Qc2 $2 (42. Bxh3 $2 Rg1#) (42. Rd8+ Kh7 43. Qf3 (43. Bxh3 $2 Rg1#) (43. Rh8+ $2 Kxh8 44. Qf3 Qh2 $19)) 42... Qg4 ({Not} 42... Qh4 43. Qc8+ Kh7 44. Qh3 Qxh3 45. Bxh3 $17) 43. f5 (43. Rd8+ $19 Kh7 44. Qe4) 43... Qf4+ {[%emt 0:01:54] Black mates.} 44. Ke1 Qg3+ 45. Kf1 Rg4 {[%emt 0:02:55] Weighted Error Value: White=0.46/Black=0.04 (flawless)} 0-1

[Event "44th Chess Olympiad Open 2022"]
[Site "Chennai"]
[Date "2022.08.08"]
[Round "10.14"]
[White "Suleymenov, Alisher"]
[Black "Brkic, Ante"]
[Result "1-0"]
[ECO "D38"]
[WhiteElo "2467"]
[BlackElo "2611"]
[Annotator "TA"]
[PlyCount "93"]
[EventDate "2022.07.29"]
[EventType "team-tourn"]
[EventCountry "IND"]
[SourceTitle "playchess.com"]
[Source "ChessBase"]
[SourceQuality "1"]
[WhiteTeam "Kazakhstan"]
[BlackTeam "Croatia"]
[WhiteTeamCountry "KAZ"]
[BlackTeamCountry "CRO"]
[TimeControl "40/5400+30:1800+30"]

1. d4 Nf6 2. c4 e6 3. Nf3 d5 4. Nc3 Bb4 5. Bg5 h6 6. Bxf6 Qxf6 7. Qa4+ Nc6 8. e3 O-O {[%emt 0:00:15] D38: Queen's Gambit Declined: Ragozin Defence (4 Nf3 Bb4).} 9. Be2 dxc4 10. O-O Bd7 {[%emt 0:00:56] The position is equal.} 11. Bxc4 Bxc3 12. bxc3 Rfd8 {[%emt 0:00:28][%cal Oc6d4] Hoping for ...Nxd4!} 13. Be2 Be8 {[%emt 0:01:26][%cal Oc6d4] ...Nxd4! is the strong threat.} 14. Qa3 Qe7 15. Qb2 b6 16. c4 Na5 17. e4 Qf6 18. Qd2 e5 19. d5 Bd7 20. Qb2 Bg4 21. Ne1 {[%emt 0:01:47] [#]} Bd7 $146 ({Predecessor:} 21... Bxe2 22. Qxe2 Rac8 23. Nc2 c6 24. Rac1 Rc7 25. Ne3 Nb7 26. Rfd1 Nd6 27. Qd3 Qg6 {½-½ (47) Moriarty,A (2336)-Bragesjoe,T (2210) ICCF email 2021}) 22. Rc1 Nb7 23. f4 Re8 24. Nd3 Nc5 25. Nxc5 (25. Nxe5 Nxe4 26. Bd1 Nc5 $11) 25... bxc5 26. Rb1 Qd6 27. f5 a5 {[%emt 0:01:22] White leaves nothing to chance now.} 28. f6 gxf6 29. Qd2 (29. Bh5 {feels hotter.} Kg7 30. Rf3 Qe7 31. Qb7) 29... f5 (29... Kh7 $14) 30. exf5 $16 e4 31. Qe3 Re5 (31... a4 $16 {was necessary.} 32. f6 Kh7) 32. f6 $18 Rg5 (32... Kh7 {is a better defense.} 33. Rf4 (33. Qg3 Rg8 $11) 33... Rg8) 33. Rf4 $1 {[%emt 0:01:44] Threatens to win with Rbf1.} (33. Qxe4 Re8 34. Qd3 Qe5 $14) 33... Qe5 34. h4 $1 (34. Qxe4 Qxe4 35. Rxe4 Bf5 $11) (34. Rxe4 $6 Qxf6 35. Bf3 (35. Qxc5 Bf5 $17) 35... Rf8 $16) 34... Rg6 35. Rxe4 Qxf6 36. Bh5 (36. Qxc5 Bf5 37. Rf1 Rxg2+ $1 38. Kxg2 Bxe4+ 39. Kg1 Qg7+ 40. Kf2 Qf6+ 41. Kg1 Qg7+ 42. Kf2 Kh8 $17) 36... Rg7 {[%emt 0:00:15] [#]} 37. Rf1 {[%emt 0:00:54] Prevents Qf5.} ({But not} 37. Qxc5 $2 Qf5 38. Bxf7+ (38. Qe7 $2 Re8 $19) 38... Rxf7 $19) 37... Qd6 {[%emt 0:03:07] [#]} (37... Qb2 38. Bxf7+ Rxf7) 38. Rxf7 $1 {[%emt 0:04:50][%mdl 512] Active counter play!} Rxf7 39. Bxf7+ Kxf7 40. Rf4+ Kg8 $2 (40... Bf5 41. Rxf5+ Kg8) 41. Qg3+ {[%emt 0:30:38] White is clearly winning.} Kh8 42. Qc3+ Kg8 43. Rf6 Qe7 {[%emt 0:00:00] [#]} 44. Qg3+ $1 ({And not} 44. Rxh6 Qg7 45. Qf6 Qxf6 46. Rxf6 Kg7 $19) 44... Kh7 45. Qg6+ {[%emt 0:00:00][%mdl 64] Deflection, Double Attack} Kh8 46. Qxh6+ Qh7 47. Qxh7+ $2 {[%emt 0:00:53] Weighted Error Value: White=0.02 (flawless) /Black=0.19 (very precise)} (47. Qg5) 1-0

[Event "44th Chess Olympiad Open 2022"]
[Site "Chennai"]
[Date "2022.08.08"]
[Round "10.14"]
[White "Nogerbek, Kazybek"]
[Black "Bosiocic, Marin"]
[Result "1/2-1/2"]
[ECO "E15"]
[WhiteElo "2437"]
[BlackElo "2549"]
[Annotator "TA"]
[PlyCount "149"]
[EventDate "2022.07.29"]
[EventType "team-tourn"]
[EventCountry "IND"]
[SourceTitle "playchess.com"]
[Source "ChessBase"]
[SourceQuality "1"]
[WhiteTeam "Kazakhstan"]
[BlackTeam "Croatia"]
[WhiteTeamCountry "KAZ"]
[BlackTeamCountry "CRO"]
[TimeControl "40/5400+30:1800+30"]

1. d4 Nf6 2. c4 e6 3. Nf3 b6 4. g3 Ba6 5. b3 Bb4+ 6. Bd2 Be7 7. Bg2 d5 8. cxd5 exd5 9. Nc3 O-O 10. O-O Bb7 {[%emt 0:00:12] 10...Nbd7 is a critical line.} 11. Qb1 {[%emt 0:00:52] E15: Queen's Indian: 4 g3 sidelines, 4 g3 Ba6 and 4 g3 Bb7 early deviations.} c5 12. Rd1 {[%emt 0:01:10] [#]} Qc8 $146 ({Predecessor:} 12... Nbd7 13. a4 Re8 14. a5 bxa5 15. Qa2 cxd4 16. Nb5 a6 17. Nbxd4 Bb4 18. Bxb4 axb4 19. Qa5 Qxa5 20. Rxa5 Ne4 21. Ne1 Nc3 22. Rd2 Nf8 23. Nd3 Ne6 24. Nxe6 {½-½ (24) Lins,T (2440)-Acevedo Villalba,A (2524) ICCF email 2017}) 13. dxc5 bxc5 14. Ng5 Rd8 15. e4 h6 16. e5 hxg5 17. Bxg5 {[%emt 0:00:10][%mdl 64] Pin} d4 {[%emt 0:06:50] ...Bxg2 is the strong threat.} 18. Bxb7 Qxb7 19. exf6 gxf6 20. Bh6 Nc6 (20... dxc3 $2 21. Qf5 Qd5 22. Rxd5 $18) 21. Qf5 {[%emt 0:05:11] Qg4+ would kill now.} Ne5 {[%emt 0:05:01] Inhibits Qg4+.} 22. Ne4 Qc6 23. Nd2 a5 24. Bf4 (24. Qh5 $14) 24... Ng6 $11 25. Re1 a4 26. Rac1 axb3 $40 {[%emt 0:01:28][%mdl 128] Black mounts an attack.} 27. axb3 Qd7 28. Qe4 Kg7 29. b4 Re8 {[%emt 0:06:20] Threatens to win with ...c4.} (29... Nxf4 30. Qxf4 Bd6 31. Qf3 cxb4 32. Re4 $11) 30. bxc5 {[%emt 0:02:26] [#]} Bxc5 31. Qf3 {[%emt 0:01:02] Strongly threatening Rxe8.} Ra3 32. Qg2 $2 (32. Nb3 $1 $11 Rxe1+ 33. Rxe1) 32... Rxe1+ $19 33. Rxe1 Bb4 $1 34. Rb1 $2 (34. Rf1 {is tougher.}) 34... Bxd2 35. Bxd2 Ne5 36. Bf4 (36. f4 $142 Nf3+ 37. Kh1) 36... Nf3+ 37. Kh1 Qf5 38. Rc1 Qd5 $2 (38... Qe6 {aiming for ...Ne1.} 39. Qf1 d3) 39. Qh3 {[%emt 0:02:06] White wants to mate with Qh6+.} Rc3 $1 (39... Ng5+ 40. Qg2 Qf5 41. Bxg5 fxg5 42. f4 $15) 40. Ra1 {[%emt 0:04:45] [#]} d3 $1 {[%emt 0:01:13] Hoping for ...d2.} (40... Ng5+ 41. Qg2 Qf5 42. Bxg5 fxg5 43. Rd1 $17) 41. Qg4+ ({Avoid the trap} 41. Qh6+ $2 Kg8 42. Qh3 (42. Qxf6 $2 {is a self mate.} Nh4+ 43. f3 Qxf3+ 44. Kg1 Qg2#) 42... d2 43. Bxd2 Nxd2+ $19) 41... Ng5+ 42. Kg1 {[%emt 0:00:00] [#]} Qd4 $2 (42... d2 $1 $19 43. Bxd2 (43. h4 $2 Qe4 $19) 43... Qxd2) 43. h4 Rc2 44. Rf1 Rxf2 45. Rxf2 d2 $1 46. Qd1 Ne4 {[%emt 0:00:27][%mdl 64] Pin} 47. Qxd2 Nxd2 $17 48. Bxd2 $11 {[%emt 0:00:00][%mdl 4096] Endgame KQ-KRB} Kg6 49. Kg2 Qe4+ 50. Kh2 f5 51. Bf4 Qe1 52. Kg2 Qd1 53. Rd2 Qb1 54. Rf2 Qe1 55. Bd2 Qe4+ 56. Kh2 Kh5 57. Bg5 Qe6 58. Bd2 f6 59. Kg2 Qd5+ 60. Kh2 Qe4 61. Kg1 Qd4 62. Kg2 Qc5 63. Bf4 Qd5+ 64. Kh2 Qb3 65. Bd2 Qd3 66. Kg2 Qc2 67. Bf4 Qd1 68. Bd2 Kg6 69. Bf4 Qd5+ 70. Kh2 Kh5 71. Bd2 $1 Qd3 {[%emt 0:00:31] Inhibits Be3.} 72. Kg2 $1 f4 (72... Kg6 $15) 73. Bxf4 {[%emt 0:00:00] The position is equal.} Kg4 74. Kh2 Qd4 {[%emt 0:01:16][%mdl 1024] Black has compensation.} 75. Kg2 {[%emt 0:00:00] Whites escaped into a draw.  Weighted Error Value: White=0.27 (precise) /Black=0.18 (very precise)} 1/2-1/2

[Event "44th Chess Olympiad Open 2022"]
[Site "Chennai"]
[Date "2022.08.08"]
[Round "10.15"]
[White "Mchedlishvili, Mikheil"]
[Black "Cruz, Cristhian"]
[Result "1/2-1/2"]
[ECO "D35"]
[WhiteElo "2593"]
[BlackElo "2579"]
[Annotator "TA"]
[PlyCount "88"]
[EventDate "2022.07.29"]
[EventType "team-tourn"]
[EventCountry "IND"]
[SourceTitle "playchess.com"]
[Source "ChessBase"]
[SourceQuality "1"]
[WhiteTeam "Georgia"]
[BlackTeam "Peru"]
[WhiteTeamCountry "GEO"]
[BlackTeamCountry "PER"]
[TimeControl "40/5400+30:1800+30"]

1. d4 Nf6 2. c4 e6 3. Nc3 d5 4. cxd5 exd5 5. Bg5 Nbd7 6. e3 Be7 7. Bd3 c6 8. Nge2 Nh5 {[%emt 0:02:20] 8...Nf8 gains popularity.} 9. Bxe7 Qxe7 10. O-O {[%emt 0:02:50] D35: Queen's Gambit Declined: Exchange Variation.} g6 {[%emt 0:02:37] has lost popularity (10...0-0).} 11. Qd2 O-O 12. f3 {[%emt 0:03:30] The position is equal.} Nb6 13. e4 Be6 {[%emt 0:02:49] [#]} 14. Rfe1 $146 ({Predecessor:} 14. e5 f6 15. g4 Ng7 16. Rae1 f5 17. h3 Qh4 18. Kg2 fxg4 19. hxg4 Bxg4 20. fxg4 Qxg4+ {1-0 (32) Karthikeyan,P (2397)-Singh,S (2006) Guwahati 2022}) 14... Rad8 15. e5 f6 16. Ng3 Ng7 17. Rad1 fxe5 18. Rxe5 Qf6 (18... Qh4 {with more complications.} 19. Nce2 Nc8 20. Qa5 a6) 19. Qf2 Nc8 20. Ree1 Nd6 21. Bc2 Rde8 22. a4 h5 23. Nf1 g5 24. Qg3 Bf5 25. Bb3 (25. Rxe8 $17 Rxe8 26. Qf2) 25... Bg6 (25... h4 $19 26. Qf2 Rxe1 27. Rxe1 h3) 26. Rxe8 Rxe8 27. Qf2 Ne6 $1 28. Ne2 Kg7 29. Ne3 Nf4 $36 {[%emt 0:03:10][%mdl 2048] Black is on the roll.} 30. Nxf4 gxf4 (30... Qxf4 31. Nc2 $17) 31. Nf1 h4 32. Bc2 (32. h3 $17) 32... Bxc2 $1 $19 33. Qxc2 h3 $1 34. g3 fxg3 35. Nxg3 {[%emt 0:00:33] aiming for Nh5+.} Qxf3 36. Rf1 Qe3+ 37. Kh1 Re6 38. Qd1 ({Wrong is} 38. Nf5+ $2 Nxf5 39. Qxf5 Qe4+ 40. Qxe4 Rxe4 $19) 38... Rg6 {[%emt 0:00:54] Prevents Qg4.} (38... Qg5 $1 $17 39. b4 (39. Qf3 Kh7 $17) 39... Rf6) 39. Qh5 ({White should try} 39. Rf4 $15) 39... Qe6 (39... Rxg3 $2 40. hxg3 Qe4+ 41. Rf3 $18) ({Black should play} 39... Qxd4 40. Qxh3 Qg4) 40. Qh4 Kg8 $1 41. Qd8+ {[%emt 0:03:31] [#]} (41. Qf4 $17 {was worth a try.}) 41... Qe8 (41... Ne8 $1 $19 {[%cal Og6g3] ...Rxg3! is the strong threat.} 42. Qh4 Rf6 43. Qg5+ Kf7) 42. Qh4 $15 Qe6 (42... Qe3 $15) 43. Qd8+ $1 $17 {[%emt 0:00:06] [#]} Qe8 (43... Ne8 $1 $17 {[%cal Og6g3] Threatens to win with ...Rxg3!} 44. Qb8 Rg4) 44. Qh4 $15 Qe6 {[%emt 0:01:08] Weighted Error Value: White=0.17 (very precise) /Black=0.22 (precise)} ({Better is} 44... Qe3 $15) 1/2-1/2

[Event "44th Chess Olympiad Open 2022"]
[Site "Chennai"]
[Date "2022.08.08"]
[Round "10.15"]
[White "Pantsulaia, Levan"]
[Black "Vera Siguenas, Deivy"]
[Result "1-0"]
[ECO "A11"]
[WhiteElo "2581"]
[BlackElo "2503"]
[Annotator "TA"]
[PlyCount "53"]
[EventDate "2022.07.29"]
[EventType "team-tourn"]
[EventCountry "IND"]
[SourceTitle "playchess.com"]
[Source "ChessBase"]
[SourceQuality "1"]
[WhiteTeam "Georgia"]
[BlackTeam "Peru"]
[WhiteTeamCountry "GEO"]
[BlackTeamCountry "PER"]
[TimeControl "40/5400+30:1800+30"]

1. Nf3 Nf6 2. g3 d5 3. Bg2 Bf5 4. c4 c6 5. Qb3 Qb6 6. d3 e6 {[%emt 0:01:43] A11: English Opening: 1...c6.} 7. Be3 Qb4+ 8. Nbd2 Nbd7 {[%emt 0:01:18] White is slightly better.} 9. O-O h6 {[%emt 0:08:32] [#]} 10. Bd4 $146 ({Predecessor:} 10. Qc2 Be7 11. a3 Qd6 12. cxd5 cxd5 13. Nd4 O-O 14. Nxf5 exf5 15. b4 Rac8 16. Qb2 {½-½ (35) Pollmann,S (2110)-Krajina,D (2255) Germany 2018}) 10... Qxb3 11. axb3 a6 12. Bc3 Be7 13. e4 (13. Rfe1 $14 {was preferrable.}) 13... dxe4 $11 14. dxe4 Bh7 (14... Bxe4 $11 {remains equal.} 15. Nxe4 Nxe4) 15. Rfe1 $16 Nc5 16. Ne5 Rd8 17. Re2 Nd3 {[%emt 0:13:55] Prevents b4.} 18. Nxd3 Rxd3 19. b4 O-O 20. e5 Ne8 21. Nb3 $1 {[%emt 0:00:45][%cal Bd2b3,Bb3a5,Ba5b7][%mdl 32] Strongly threatening Na5.} Nc7 22. Na5 Rb8 23. Ree1 {[%emt 0:00:47] Rad1 is the strong threat.} Bd8 $2 {[%emt 0:03:50] Black cannot hold the game after this.} (23... Na8 $16 {is a better defense.}) 24. Red1 Ne8 {[%emt 0:02:46] [#]} 25. Nxb7 {[%emt 0:00:37][%mdl 512] White is winning.} Rxb7 26. Rxd3 Bxd3 {[%emt 0:00:05] [#]} 27. Rd1 $1 {[%emt 0:00:21] Weighted Error Value: White=0.04 (flawless) /Black=0.30} 1-0